 Dungeon Crawl Stone Soup version 0.30-b1-2-g02819fbbbe (webtiles) character file.

Game seed: 14973740665662087634

4035 LLlMATKO the Fighter (level 10, -1/91 HPs)
             Began as a Minotaur Berserker on Dec 5, 2023.
             Was an Elder of Trog.
             Slain by a gnoll
             ... wielding a +0 spear
             ... led by a gnoll bouda
              (2 damage)
             ... on level 8 of the Dungeon.
             The game lasted 00:07:00 (8294 turns).

LLlMATKO the Fighter (Minotaur Berserker)           Turns: 8294, Time: 00:07:00

Health: -1/91      AC: 12    Str: 26    XL:     10   Next: 4%
Magic:  9/9        EV: 13    Int:  4    God:    Trog [****..]
Gold:   700        SH:  3    Dex: 16    Spells: 9/9 levels left

rFire   . . .        a - +0 hand axe
rCold   + . .        g - +0 buckler
rNeg    . . .        r - +1 chain mail
rPois   .            (helmet restricted)
rElec   .            (no cloak)
rCorr   .            (no gloves)
SInv    .            (no boots)
Will    .....        (no amulet) Stlth
                     d - +6 ring of dexterity
HPRegen 0.35/turn    m - ring of protection from cold
MPRegen 0.11/turn

%: no passive effects
@: about to teleport, mesmerised
A: horns 2, retaliatory headbutt
a: Renounce Religion, Berserk, Trog's Hand, Brothers in Arms


You were on level 8 of the Dungeon.
You worshipped Trog.
Trog was greatly pleased with you.
You visited 1 branch of the dungeon, and saw 8 of its levels.
You also visited: Sewer and Ossuary.

You collected 700 gold pieces.

Inventory:

Hand Weapons
 a - a +0 hand axe (weapon)
Missiles
 b - 7 poisoned darts
 j - 7 javelins (quivered)
 t - 5 silver javelins
Armour
 g - a +0 buckler (worn)
 r - a +1 chain mail (worn)
Jewellery
 d - a +6 ring of dexterity (left hand)
 m - a ring of protection from cold (right hand)
 D - a +5 ring of evasion
 E - a +4 ring of protection
Wands
 F - a wand of mindburst (9)
Scrolls
 e - 2 scrolls of enchant armour
 n - a scroll of blinking {unknown}
 s - 2 scrolls of identify
 v - a scroll of fear
 w - a scroll of torment {unknown}
 y - a scroll of fog {unknown}
 z - 2 scrolls of noise {unknown}
 A - a scroll of teleportation
 B - a scroll of vulnerability {unknown}
 G - a scroll of immolation {unknown}
Potions
 c - a potion of berserk rage {unknown}
 f - 3 potions of lignification {unknown}
 h - 4 potions of invisibility
 i - 4 potions of heal wounds {unknown}
 k - 8 potions of curing {unknown}
 l - 2 potions of cancellation {unknown}
 o - 4 potions of attraction {unknown}
 p - 3 potions of flight {unknown}
 q - 5 potions of brilliance {unknown}
 u - a potion of might
 x - 2 potions of degeneration {unknown}
 C - a potion of mutation {unknown}


   Skills:
 + Level 9.5 Fighting
 + Level 9.4 Axes
 + Level 9.0 Armour
 + Level 8.3 Dodging


You had 9 spell levels left.
You didn't know any spells.
Your spell library was empty.

Dungeon Overview and Level Annotations

Branches:
Dungeon (8/15)             Temple (0/1) D:4            Lair (0/5) D:8
  Sewer (visited)         Ossuary (visited)

Altars:
Dithmenos
Hepliaklqana
Nemelex Xobeh
Okawaru
Ru
Uskayaw
Vehumet
Zin

Shops:
D:5 (

Annotations:
D:3 1 runed translucent door, manyhoops's ghost, weakling DgEE
D:8 Maggie


Innate Abilities, Weirdness & Mutations

You have a pair of horns on your head.
You reflexively headbutt those who attack you in melee.


Message History

You cannot move away from Maggie!
Unknown command.
You hit the komodo dragon.
The komodo dragon is heavily wounded.
You slash the gnoll bouda! You barely miss the bullfrog.
The gnoll bouda barely misses you. You furiously retaliate!
You headbutt the gnoll bouda. The bullfrog closely misses you.
The gnoll completely misses you. The komodo dragon bites you!
Unknown command.
You barely miss the komodo dragon. You headbutt the komodo dragon.
The komodo dragon is severely wounded.
You hit the bullfrog. You closely miss the bullfrog.
You hit the gnoll bouda but do no damage.
The bullfrog hits you. x2
Maggie mumbles some strange words.
Maggie draws you further into her thrall.
You block the gnoll bouda's attack.
You hit the komodo dragon but do no damage.
The komodo dragon is severely wounded.
You slash the bullfrog! You hit the gnoll bouda.
You kill the gnoll bouda!
Trog accepts your kill.
You barely miss the bullfrog.
A bullfrog comes into view.
The bullfrog barely misses you. You furiously retaliate!
You headbutt the bullfrog. The komodo dragon bites you!
* * * LOW HITPOINT WARNING * * *
The gnoll hits you from afar with a +0 spear.
* * * LOW HITPOINT WARNING * * *
The bullfrog hits you.
* * * LOW HITPOINT WARNING * * *
Maggie hits you from afar with a +0 glaive.
* * * LOW HITPOINT WARNING * * *
As you read the scroll of teleportation, it crumbles to dust.
You feel strangely unstable.
The bullfrog hits you but does no damage. x2
The komodo dragon bites you!
* * * LOW HITPOINT WARNING * * *
The gnoll hits you from afar with a +0 spear.
You die...

#........††P.[P.P
#.........÷......
#.........P.P...
#............F..
#...##.#.#...##.
.#.. #........#
.## #.@.g..#...
#.###.lF.......
#....F@J.....##
#...##).....###
..# #......# .
#......# #......#
#........
####...... ......


You could see Maggie (mesmerising), a komodo dragon, 3 bullfrogs, a jelly and a
gnoll (swift).

Vanquished Creatures
  2 komodo dragons (D:8)
  Grinder (D:4)
  A yak (D:8)
  A shadow (D:7)
  3 water moccasins
  2 ice beasts (D:7)
  2 sky beasts (D:7)
  2 black bears (D:4)
  5 ogres
  A centaur (D:6)
  5 bullfrogs
  2 scorpions (D:6)
  4 wights (D:7)
  7 howler monkeys
  A jelly (D:5)
  2 orc priests (D:3)
  5 hounds
  A gnoll bouda (D:8)
  2 iguanas
  9 mummies
  3 gnolls
  9 adders
  4 river rats (Sewer)
  A shadow imp (D:6)
  A white imp (D:7)
  2 ufetubi
  2 worms (D:2)
  2 dart slugs (D:4)
  11 orcs
  8 ball pythons
  7 endoplasms
  5 giant cockroaches
  10 goblins
  13 hobgoblins
  6 jackals (D:2)
  9 kobolds
  6 quokkas
  5 bats
  8 frilled lizards
  4 hobgoblin zombies (Ossuary)
  3 kobold zombies (Ossuary)
  An orc zombie (Ossuary)
  17 rats
195 creatures vanquished.

Vanquished Creatures (others)
  18 fungi (D:8)
  29 plants
47 creatures vanquished.

Grand Total: 242 creatures vanquished

Notes
Turn   | Place    | Note
-------+----------+-------------------------------------------
     0 | D:1      | LLlMATKO the Minotaur Berserker began the quest for the
                  | Orb.
     0 | D:1      | Reached XP level 1. HP: 19/19 MP: 0/0
   201 | D:1      | Reached XP level 2. HP: 27/27 MP: 1/1
   233 | D:1      | Found a faded altar of an unknown god.
   797 | D:1      | Reached XP level 3. HP: 21/33 MP: 2/2
   922 | D:1      | Reached ** piety under Trog
  1384 | D:2      | Reached XP level 4. HP: 34/40 MP: 3/3
  1605 | D:2      | Found a glowing silver altar of Zin.
  1952 | D:3      | Found a runed translucent door.
  1952 | D:3      | Noticed manyhoops's ghost (weakling DgEE)
  1984 | D:3      | Reached *** piety under Trog
  2570 | D:3      | Reached XP level 5. HP: 29/47 MP: 4/4
  3066 | D:4      | Noticed a black bear
  3066 | D:4      | Noticed a black bear
  3075 | D:4      | Killed a black bear
  3076 | D:4      | Reached skill level 5 in Fighting
  3076 | D:4      | Reached skill level 5 in Axes
  3077 | D:4      | Killed a black bear
  3078 | D:4      | Reached XP level 6. HP: 56/56 MP: 5/5
  3194 | D:4      | Found a shadowy altar of Dithmenos.
  3340 | D:4      | Found a glowing drain.
  3360 | Sewer    | Entered a sewer
  3445 | Sewer    | Reached skill level 5 in Armour
  3520 | Sewer    | Reached XP level 7. HP: 62/62 MP: 6/6
  4076 | D:4      | Noticed Grinder
  4087 | D:4      | Paralysed by Grinder for 3 turns
  4092 | D:4      | Killed Grinder
  4093 | D:4      | Reached skill level 5 in Dodging
  4240 | D:4      | Found a staircase to the Ecumenical Temple.
  4528 | D:5      | Entered Level 5 of the Dungeon
  4646 | D:5      | Reached **** piety under Trog
  4829 | D:5      | Found Safosm's Weapon Emporium.
  4896 | D:5      | Reached XP level 8. HP: 54/71 MP: 7/7
  6814 | D:7      | Reached XP level 9. HP: 76/78 MP: 8/8
  6835 | D:7      | Found a sand-covered staircase.
  6844 | Ossuary  | Entered an ossuary
  7246 | D:7      | Found a hide-covered altar of Uskayaw.
  7630 | D:7      | Found an iron altar of Okawaru.
  7646 | D:7      | Found a radiant altar of Vehumet.
  7820 | D:7      | Found a sacrificial altar of Ru.
  7921 | D:7      | Found a sparkling altar of Nemelex Xobeh.
  7955 | D:7      | Found a hazy altar of Hepliaklqana.
  8042 | D:8      | Noticed a komodo dragon
  8046 | D:8      | Noticed a komodo dragon
  8047 | D:8      | Found a staircase to the Lair.
  8055 | D:8      | Killed a komodo dragon
  8063 | D:8      | Killed a komodo dragon
  8069 | D:8      | Reached XP level 10. HP: 32/91 MP: 9/9
  8284 | D:8      | Noticed Maggie
  8294 | D:8      | HP: 1/91 [komodo dragon (14)]
  8294 | D:8      | Slain by a gnoll

Illustrated notes

Levels and vault maps discovered:
D:1:      dpeg_arrival_orchard, layout_loops_ring,
          hellmonk_ecumenical_altar_heavens_door, serial_aquarium,
          aquarium_bridge_island_small [aquarium_subvault_small_open,
          aquarium_subvault_bridge, aquarium_subvault_window,
          aquarium_subvault_wall, aquarium_subvault_window], aquarium_window_2,
          aquarium_window_corner, aquarium_window_fake,
          aquarium_window_corridor_1, aquarium_view_2a, aquarium_view_2d,
          aquarium_pool_side
D:2:      layout_basic, basic_altar, cheibrodos_gnoll_hut
D:3:      layout_loops_corners, hellmonk_ghost_happy_afterlife,
          minmay_fractal_squares_5
D:4:      layout_loops_cross, grunt_dithmenos_smoke_and_mirrors,
          minmay_temple_entry_enclosed_plants, portal_sewer_entry_f,
          uniq_grinder
D:5:      layout_basic, serial_shops, nicolae_shop_bloodbath_and_beyond,
          chequers_serial_rivers_micro_d, minmay_misc_feat_tiny,
          kennysheep_path_1
D:6:      layout_basic, minmay_liquid_box
D:7:      layout_cave_pools, nicolae_uskayaw_dance_hall,
          nemelex_spade_bored_becter, mainiacjoe_overflow_catwalk,
          nicolae_ru_awakened_eye, nicolae_vehumet_radiance,
          nicolae_overflow_crystal_walls, gup_ossuary_entry_pyramid,
          minmay_increasing_density
D:8:      layout_rooms, mainiacjoe_overflow_tiny_flanked, makhleb_grotto_becter,
          due_lair_maze_entry_diamond, gammafunk_ghost_icy, uniq_maggie,
          uniq_psyche

Skill      XL: |  1  2  3  4  5  6  7  8  9 |
---------------+----------------------------+-----
Fighting       | 4 5 6 8 9 |  9.5
Axes           | 4 5 6 7 9 |  9.4
Armour         | 3 4 5 6 7 9 |  9.0
Dodging        | 3 4 5 6 8 |  8.3

Action                     |  1- 3 |  4- 6 |  7- 9 | 10-12 || total
---------------------------+-------+-------+-------+-------++-------
  Melee: Hand axe          |   103 |   128 |   224 |    15 ||   470
         Headbutt          |     9 |    16 |    53 |     5 ||    83
  Throw: Javelin           |       |     1 |       |       ||     1
 Invoke: Berserk           |       |     2 |     8 |       ||    10
    Use: Scroll            |       |     5 |     2 |     1 ||     8
   Stab: Sleeping          |     1 |     2 |       |       ||     3
         Distracted        |       |       |     1 |       ||     1
 Armour: Animal skin       |    19 |     6 |       |       ||    25
         Chain mail        |       |    38 |    70 |    15 ||   123
  Dodge: Dodged            |    54 |    53 |   114 |    25 ||   246
  Block: Buckler           |       |    12 |    26 |     5 ||    43
